[Event "Live Chess"]
[Site "Chess.com"]
[Date "2023.05.20"]
[Round "-"]
[White "Stanbad1"]
[Black "JohanKjeldahl"]
[Result "1-0"]
[WhiteElo "2432"]
[BlackElo "1804"]
[TimeControl "300"]
[EndTime "12:18:47 PDT"]
[Termination "Stanbad1 won by resignation"]

1. d4 Nf6 2. Bg5 e6 3. Nd2 c5 4.
c3 d5 5. Ngf3 Nbd7 6. e3 Be7 7.
Bb5 O-O 8. h3 h6 9. Bf4 a6 10.
Bd3 b5 11. Qe2 Bb7 12. O-O Ne4 13. Bxe4 dxe4 14. Ne5 Nxe5 15. Bxe5 f6 16. Bf4 f5 17. Be5 Bd6 18. Bxd6 Qxd6 19. Nb3 c4 20. Nc5 Bd5 21. b3 Rac8 22. b4 Rf6 23. a4 Bc6 24. axb5 Bxb5 25.
f4 exf3 26. Qxf3 g5 27. Ne4 fxe4 28. Qxf6 Rf8 29. Qg6+ 1-0

[Event "Live Chess"]
[Site "Chess.com"]
[Date "2023.05.20"]
[Round "-"]
[White "manthanit"]
[Black "GEMdzq"]
[Result "0-1"]
[WhiteElo "964"]
[BlackElo "2243"]
[TimeControl "300"]
[EndTime "12:18:51 PDT"]
[Termination "GEMdzq won by resignation"]

1. e4 d6 2. d4 Nf6 3. Nc3 g6 4. Nf3 Bg7 5. Be3 c6 6. Bd3 b5 7. a3 Nbd7 8. h3 Nb6 9. O-O O-O 10. e5 dxe5 11. Nxe5 Bb7 12. a4 a6 13. Ne4 Nxe4 14. Bxe4 Nd5 15. axb5 cxb5 16. c4 Nxe3 17. fxe3 Bxe4 18.
Qg4 f5 19. Qd1 Bxe5 20. dxe5 Qxd1 21. Raxd1 bxc4 22. Rd7 Kf7 23. Rfd1 Bd3 24. Rd2 Rfd8 25. Rc7 Ke6 26. Kf2 Kxe5 27. Rxe7+ Kf6 28. Rc7 h6 29. g4 Rd6 30. gxf5 gxf5 31. h4 Rg8 32. Rh7 Kg6 33.
Re7 Kh5 0-1

[Event "Live Chess"]
[Site "Chess.com"]
[Date "2023.05.20"]
[Round "-"]
[White "GMHarry-youtube"]
[Black "HugeManAmin"]
[Result "1-0"]
[WhiteElo "2109"]
[BlackElo "1443"]
[TimeControl "300"]
[EndTime "12:18:56 PDT"]
[Termination "GMHarry-youtube won by resignation"]

1. e4 e5 2. Nf3 Nc6 3. Bc4 Nf6 4. O-O Bc5 5. c3 d5 6. exd5 Nxd5 7. d4 Nb6 8. Bxf7+ Kxf7 9. Ng5+ Ke8 10. Qf3 Rf8 11. Qh5+ g6 12. Qxh7 Be7 13. Qxg6+ Kd7 14. Qe6+ Ke8 15. Qg6+ Kd7 16. d5 Rf6 17. dxc6+ Kxc6 18.
Qe4+ Nd5 19. c4 1-0

[Event "Live Chess"]
[Site "Chess.com"]
[Date "2023.05.20"]
[Round "-"]
[White "sup3rm0nk3y"]
[Black "NatashaRegan"]
[Result "0-1"]
[WhiteElo "1329"]
[BlackElo "1822"]
[TimeControl "300"]
[EndTime "12:19:00 PDT"]
[Termination "NatashaRegan won by resignation"]

1. e4 Nf6 2. Nc3 e5 3. Bc4 Bc5 4. d3 O-O 5. Be3 Bxe3 6. fxe3 c6 7. a3 d5 8. exd5 cxd5 9. Ba2 Nc6 10. Nf3 Bg4 11.
h3 Bh5 12. g4 Bg6 13. Qe2 e4 14. Nd4 Nxd4 15. exd4 exd3 0-1

[Event "Live Chess"]
[Site "Chess.com"]
[Date "2023.05.20"]
[Round "-"]
[White "ReceptiveCamel"]
[Black "ChippyChill"]
[Result "1-0"]
[WhiteElo "689"]
[BlackElo "594"]
[TimeControl "300"]
[EndTime "12:19:01 PDT"]
[Termination "ReceptiveCamel won by resignation"]

1. d4 d5 2. c4 e6 3. cxd5 Qxd5 4. Bf4 Qc6 5. Na3 Bxa3 6. bxa3 Nd7 7. Rc1 Qb6 8. Bxc7 Qb2 9. Rc2 Qb5 10. e4 Ngf6 11. Bxb5 1-0

[Event "Live Chess"]
[Site "Chess.com"]
[Date "2023.05.20"]
[Round "-"]
[White "onemoretime1975"]
[Black "flyingpuffins"]
[Result "0-1"]
[WhiteElo "1917"]
[BlackElo "1975"]
[TimeControl "300"]
[EndTime "12:19:06 PDT"]
[Termination "flyingpuffins won on time"]

1. e4 c5 2. Nf3 g6 3. g3 Bg7 4. d3 Nc6 5. Bg2 d6 6. c3 Rb8 7.
O-O b5 8. a3 e6 9. Be3 Nge7 10.
Nbd2 O-O 11. Rc1 a5 12. d4 cxd4 13. Nxd4 Nxd4 14. Bxd4 d5 15. Bxg7 Kxg7 16. exd5 Nxd5 17. Ne4 Ba6 18. Qd4+ Nf6 19. Qxf6+ Qxf6 20. Nxf6 Kxf6 21.
Rfd1 Rfd8 22. f4 b4 23. axb4 axb4 24. Bf3 bxc3 25. bxc3 Rdc8 26. Re1 Rb3 27. Re3 Rb2 28. h4 h5 29. Be4 Bc4 30. Rc2 Rb1+ 31. Kg2 Rd8 32.
Rf2 Rc1 33. Bf3 Bd5 34. Bxd5 Rxd5 35. Rff3 Rdd1 36. Kf2 Rf1+ 37. Ke2 Rfe1+ 38. Kd2 Rcd1+ 39.
Kc2 Rc1+ 40. Kb3 Red1 41. Rd3 Re1 42. Rde3 Red1 43. Rd3 Rb1+ 44. Kc4 Rdc1 45. Rd4 Rb8 46. Kd3 Rc8 47. c4 Ra1 48. Kd2 Ra4 49. Rc3 Ra2+ 50. Kd3 Rg2 51. Ke4 Ke7 52. c5 f5+ 53. Kf3 Ra2 54.
c6 Ra6 55. Rd7+ Ke8 56. Rd6 Ke7 57. Rd7+ Kf6 58. c7 Ra7 59. Ke3 e5 60. fxe5+ Kxe5 61. Rc5+ Ke6 62. Rg7 Kf6 63. Rh7 Ra3+ 64. Kf4 Ra4+ 65.
Ke3 Re4+ 66. Kf3 Rb4 67. Rc6+ Ke5 68. Rc5+ Kd6 0-1

[Event "Live Chess"]
[Site "Chess.com"]
[Date "2023.05.20"]
[Round "-"]
[White "omisoc"]
[Black "Duke_of_Bebington"]
[Result "1-0"]
[WhiteElo "2189"]
[BlackElo "1573"]
[TimeControl "300"]
[EndTime "12:19:12 PDT"]
[Termination "omisoc won by resignation"]

1. b3 e5 2. Bb2 Nc6 3. e3 d5 4. g3 Bd6 5. Bg2 Be6 6. d3 Nf6 7. c4 d4 8. e4 O-O 9. a3 a5 10.
Nf3 Qd7 11. O-O Bh3 12. Nbd2 Bxg2 13. Kxg2 h5 14. Nh4 g6 15. Bc1 Rfe8 16. Ndf3 Bf8 17. Bd2 Bg7 18. b4 axb4 19. axb4 Qd6 20. b5 Nd8 21.
Rxa8 c6 22. bxc6 bxc6 23. Qb3 Nh7 24. Qa3 Qf6 25. Rb1 Bf8 26. Qa6 Qg7 27. Rbb8 Be7 28. Qb6 Qf6 29. Qc7 Bd6 30. Qd7 Kf8 31. Rxd8 1-0

[Event "Live Chess"]
[Site "Chess.com"]
[Date "2023.05.20"]
[Round "-"]
[White "TDCMF"]
[Black "elizaveta_frundina"]
[Result "0-1"]
[WhiteElo "370"]
[BlackElo "1565"]
[TimeControl "300"]
[EndTime "12:19:19 PDT"]
[Termination "elizaveta_frundina won by checkmate"]

1. e4 c5 2. Bc4 e6 3. Nf3 d5 4. exd5 exd5 5. Bxd5 Qxd5 6. b3 Bg4 7. c4 Qe4+ 8. Qe2 Bxf3 9. Qxe4+ Bxe4 10. d3 Bxd3 11. Nc3 Bd6 12. Kd2 Bg6 13. Re1+ Kd7 14. Ba3 Nf6 15. Re3 Nc6 16. Rae1 Rhe8 17. Nd5 Rxe3 18.
Rxe3 Nxd5 19. cxd5 Nd4 20. b4 Bf4 21. bxc5 Bxe3+ 22. Kxe3 Nc2+ 23. Kd2 Nxa3 24. Ke3 Rc8 25. c6+ bxc6 26. dxc6+ Rxc6 27. f4 Rc3+ 28. Kd4 Rc4+ 29.
Kd5 Be4+ 30. Ke5 f6# 0-1

[Event "Live Chess"]
[Site "Chess.com"]
[Date "2023.05.20"]
[Round "-"]
[White "boilerboy1"]
[Black "ramses-IIG"]
[Result "1/2-1/2"]
[WhiteElo "1053"]
[BlackElo "794"]
[TimeControl "300"]
[EndTime "12:19:21 PDT"]
[Termination "Game drawn - insufficient material"]

1. e4 d5 2. exd5 Qxd5 3. Nc3 Qe6+ 4. Be2 Qg6 5. Bf3 c6 6. Nge2 e5 7. O-O f6 8. Ng3 Be7 9. Be4 Qf7 10. d3 h5 11. h4 g6 12. Be3 f5 13. Bf3 Bxh4 14. Nge2 Be7 15. g3 h4 16. gxh4 Rxh4 17. Bg2 Qh7 18.
Ng3 f4 19. Bxf4 exf4 20. Nge4 Bh3 21. Qf3 Bxg2 22. Qxg2 Nf6 23. Rae1 Kf7 24. Ng5+ Kg7 25. Nxh7 Rg4 26. Nxf6 Rxg2+ 27. Kxg2 Bxf6 28. Ne4 Bxb2 29. c3 Nd7 30. d4 b6 31. Rb1 Ba3 32. Ng5 Nf6 33.
Ne6+ Kf7 34. Nxf4 Bd6 35. Nd3 Rh8 36. Ne5+ Bxe5 37. dxe5 Ne4 38. Rh1 Rxh1 39. Rxh1 Nxc3 40. Rh7+ Ke6 41. Rxa7 Kxe5 42. Ra6 b5 43. Rxc6 Nxa2 44.
Rxg6 Kd4 45. Rg5 b4 46. Rb5 Kc4 47. Rb8 b3 48. f4 Kc3 49. f5 b2 50. f6 Nb4 51. f7 b1=Q 52. Rc8+ Kb3 53. f8=Q Qb2+ 54.
Qf2 Qg7+ 55. Qg3+ Qxg3+ 56. Kxg3 Nd3 57. Kg4 Kb4 58. Kg5 Kb5 59. Kg6 Kb6 60. Kg7 Ne5 61.
Rb8+ Kc7 62. Ra8 Nd7 63. Ra7+ Kc6 64. Rxd7 Kxd7 1/2-1/2

[Event "Live Chess"]
[Site "Chess.com"]
[Date "2023.05.20"]
[Round "-"]
[White "azimchess2019"]
[Black "MartinWalker4"]
[Result "0-1"]
[WhiteElo "1362"]
[BlackElo "2075"]
[TimeControl "300"]
[EndTime "12:19:23 PDT"]
[Termination "MartinWalker4 won by checkmate"]

1. d4 Nf6 2. c4 g6 3. Nc3 d5 4. Nf3 Bg7 5. e3 O-O 6. Be2 c5 7. O-O cxd4 8. exd4 Nc6 9. Be3 Bf5 10. Rc1 Rc8 11. a3 Na5 12. cxd5 Nxd5 13. Nh4 Nxc3 14. bxc3 Be6 15. Qa4 Bc4 16. Rfe1 b5 17. Qb4 Nc6 18.
Qb2 Bxe2 19. Rxe2 a6 20. Nf3 Na5 21. Nd2 Nc4 22. Nxc4 Rxc4 23. Rec2 Qc7 24. g3 Rc8 25.
Bf4 Qc6 26. Be3 a5 27. Qb3 b4 28. axb4 axb4 29. Bd2 Bxd4 30. Bg5 e6 31. Be3 Bxe3 32.
fxe3 Qe4 33. Kf2 R8c5 34. Rd1 Rf5+ 35. Ke2 Rf3 36. Rd3 Rf2+ 37. Kxf2 Qxd3 38. Qa4 bxc3 39. Qb3 Rc5 40. g4 h5 41. h3 hxg4 42. hxg4 Rc4 43. Qb8+ Kg7 44. Re2 Qe4 45. Qg3 c2 46. g5 c1=Q 47.
Qh2 Rc2 48. Qh6+ Kg8 49. Rxc2 Qcxc2+ 50. Kg3 Qcg2# 0-1

[Event "Live Chess"]
[Site "Chess.com"]
[Date "2023.05.20"]
[Round "-"]
[White "worldchessleaguelive"]
[Black "Olisingapore"]
[Result "0-1"]
[WhiteElo "1368"]
[BlackElo "1905"]
[TimeControl "300"]
[EndTime "12:19:34 PDT"]
[Termination "Olisingapore won by resignation"]

1. d4 Nf6 2. Bf4 d5 3. e3 c5 4.
c3 Nc6 5. Nf3 Bf5 6. Be2 e6 7.
O-O Bd6 8. Bg3 c4 9. Nbd2 O-O 10. h3 b5 11. a4 a6 12. axb5 axb5 13. Rxa8 Qxa8 14.
Qa1 Bxg3 15. fxg3 Qb7 16. Nh4 Ra8 17. Qc1 b4 18. Nxf5 exf5 19. Rxf5 Ra2 20. Bf3 Ne7 21.
Re5 Ng6 22. Rf5 bxc3 23. Qxc3 Rxb2 24. Nxc4 dxc4 25. Bxb7 Rb1+ 26. Kh2 Rxb7 27. Qxc4 Rb1 28. Qc8+ Nf8 29. d5 Rd1 30. Re5 Rxd5 31. Rxd5 Nxd5 32.
e4 Nf6 33. e5 Nh5 34. g4 Nf4 35. Kg3 Ne6 36. Kf3 g6 37. h4 h5 38. gxh5 gxh5 39. g4 hxg4+ 40. Kxg4 Kg7 41. Qc1 Ng6 42. Kf5 Nxh4+ 43.
Ke4 Ng6 44. Qg1 Kg8 45. Kf5 Kg7 46. Qg3 Nd4+ 47. Ke4 Ne6 48. Qa3 Ng5+ 49. Kf5 Ne6 50. Qa6 Ne7+ 51. Ke4 Nc5+ 52. Kf4 Nxa6 0-1

[Event "Live Chess"]
[Site "Chess.com"]
[Date "2023.05.20"]
[Round "-"]
[White "PiotrD11"]
[Black "TheSmoulderingMaster"]
[Result "0-1"]
[WhiteElo "1349"]
[BlackElo "1725"]
[TimeControl "300"]
[EndTime "12:19:35 PDT"]
[Termination "TheSmoulderingMaster won on time"]

1. e4 c5 2. d4 cxd4 3. c3 dxc3 4. Nxc3 Nc6 5. Bc4 a6 6. Nf3 d6 7. O-O Nf6 8. Qe2 g6 9. Rd1 Bg7 10. Bg5 O-O 11. Rac1 Bg4 12. Qe3 Qa5 13. h3 Bxf3 14. Bxf6 Bxd1 15. Bxg7 Kxg7 16. Rxd1 Ne5 17. Bb3 Rac8 18.
Nd5 e6 19. Nf4 Rc5 20. Rxd6 Rfc8 21. Nxe6+ fxe6 22. Rxe6 Rc1+ 23. Kh2 Qc7 24. f4 Nf7 25. Qd4+ Kg8 26. Rf6 Rd8 27. Bxf7+ Kg7 28. Rd6+ Kxf7 29. Qf6+ Ke8 30. Re6+ Kd7 31. Re7+ Kc8 32. Rxc7+ Rxc7 33. Qe6+ Kb8 34. e5 Rc2 35. Qb3 Rdd2 36. Qf3 Rxb2 37. e6 Re2 38. f5 gxf5 39. Qd5 Rbd2 40. Qf3 Rxe6 41. Qf4+ Red6 42. Qxf5 Ka8 43. Qf8+ Ka7 44. Qf5 Rc2 45. Qxc2 Rc6 46. Qxh7 Rd6 47. Qc7 Rc6 48. Qe5 b5 49. Qe7+ Kb6 50. Qe3+ Ka5 51. h4 Rc4 52. g3 Rc2+ 53. Kh3 Rxa2 54. Qc3+ Kb6 55. Qf6+ Ka5 56. Qd8+ Ka4 57. Qd4+ b4 58. Qb6 a5 59. Qc6+ Ka3 60. Qb5 a4 61. h5 b3 0-1

[Event "Live Chess"]
[Site "Chess.com"]
[Date "2023.05.20"]
[Round "-"]
[White "Ferrarifan27"]
[Black "chessleanstrategist"]
[Result "1-0"]
[WhiteElo "2080"]
[BlackElo "400"]
[TimeControl "300"]
[EndTime "12:19:35 PDT"]
[Termination "Ferrarifan27 won by resignation"]

1. e4 d6 2. d4 Nf6 3. Nc3 g6 4.
Nf3 Bg7 5. Bg5 O-O 6. Qd2 Re8 7.
O-O-O e5 8. dxe5 dxe5 9. Qxd8 Rxd8 10. Rxd8+ Bf8 11. Bxf6 Nc6 12. Re8 a5 13. Bb5 Ra7 14. Rxc8 1-0

[Event "Live Chess"]
[Site "Chess.com"]
[Date "2023.05.20"]
[Round "-"]
[White "AttackingSnowLeopard"]
[Black "LanceMaster23"]
[Result "1-0"]
[WhiteElo "2018"]
[BlackElo "1863"]
[TimeControl "300"]
[EndTime "12:19:46 PDT"]
[Termination "AttackingSnowLeopard won by resignation"]

1. d4 Nf6 2. c4 e6 3. Nf3 d5 4. Nc3 Bb4 5. Bg5 c5 6. cxd5 exd5 7.
e3 Nc6 8. Be2 cxd4 9. Nxd4 h6 10. Bh4 Qa5 11. O-O g5 12. Bg3 a6 13. Nxc6 bxc6 14.
Be5 Be7 15. f4 g4 16. Bxf6 Bxf6 17. Bxg4 Bxc3 18. bxc3 Qxc3 19. Bxc8 Rxc8 20. Qg4 Ke7 21. Rac1 Qxe3+ 22. Kh1 Kf6 23. Rfe1 Qd4 24. Re5 Rhg8 25. Rf5+ Ke7 26. Qh4+ Kd7 27. Rxf7+ 1-0

[Event "Live Chess"]
[Site "Chess.com"]
[Date "2023.05.20"]
[Round "-"]
[White "JoeRoot66"]
[Black "BillythekidFellowes"]
[Result "1-0"]
[WhiteElo "1933"]
[BlackElo "2036"]
[TimeControl "300"]
[EndTime "12:19:49 PDT"]
[Termination "JoeRoot66 won by checkmate"]

1. e4 c6 2. Nf3 d5 3. Nc3 Nf6 4.
e5 Ng8 5. d4 Bg4 6. h3 Bxf3 7.
Qxf3 Nd7 8. Bd3 e6 9. Qg4 Ne7 10. O-O Ng6 11. f4 Qb6 12. Ne2 O-O-O 13. f5 Ngxe5 14.
Qg3 Nxd3 15. cxd3 e5 16. Be3 Qc7 17. Rae1 Bd6 18. dxe5 Bxe5 19. Bf4 f6 20. d4 Bxf4 21.
Nxf4 Qb6 22. Ne6 Rde8 23. a4 Nf8 24. a5 Qxa5 25. Ra1 Qb6 26. Rxa7 Nxe6 27. Ra8+ Kd7 28. fxe6+ Kxe6 29. Re1+ Kf7 30. Raa1 Qxd4+ 31. Kh1 Rxe1+ 32. Rxe1 Re8 33. Qc7+ Kg6 34. Rxe8 Qd1+ 35. Kh2 Qd2 36. Re7 Kf5 37. Rxg7 Qf4+ 38. Qxf4+ Kxf4 39. Rxh7 Ke5 40. Rxb7 c5 41. Rc7 c4 42. Rf7 Kd4 43. Rh7 c3 44.
Rh4+ Kd3 45. bxc3 Kxc3 46. Rf4 d4 47. Rxf6 d3 48. Rd6 d2 49. Rxd2 Kxd2 50. h4 Ke3 51. h5 Ke4 52. h6 Kf4 53. h7 Kf5 54.
h8=Q Ke4 55. Qh4+ Kd3 56. g4 Kd2 57. g5 Kc1 58. g6 Kc2 59. g7 Kd3 60. g8=Q Kd2 61.
Qgg4 Kc2 62. Qhh5 Kd3 63. Qgg5 Kc2 64. Qh3 Kb1 65. Qgg3 Kb2 66. Qhg2+ Ka1 67. Q3f2 Kb1 68. Qfg1# 1-0

[Event "Live Chess"]
[Site "Chess.com"]
[Date "2023.05.20"]
[Round "-"]
[White "alanmike75"]
[Black "domrobson"]
[Result "1-0"]
[WhiteElo "1531"]
[BlackElo "1739"]
[TimeControl "300"]
[EndTime "12:20:08 PDT"]
[Termination "alanmike75 won by checkmate"]

1. e4 e5 2. Nf3 Nf6 3. d3 Nc6 4. Nc3 Bc5 5. Be2 d6 6. O-O Bg4 7. Bg5 h6 8. Bh4 g5 9. Bg3 Be6 10. Nd2 a6 11. Nb3 Ba7 12. Qd2 Nd7 13. Rad1 h5 14.
h3 h4 15. Bh2 Qe7 16. Kh1 O-O-O 17. f3 Rdg8 18. Bg1 Bxg1 19. Kxg1 g4 20. fxg4 Bxg4 21.
Bxg4 Rxg4 22. hxg4 h3 23. g3 h2+ 24. Kh1 Nf6 25.
Nd5 Nxd5 26. exd5 Nd8 27. Rf2 Qd7 28. Rxh2 Rxh2+ 29. Qxh2 Qxg4 30. Rf1 b6 31. Qf2 Qh3+ 32. Kg1 Qh6 33. Nd2 Kb7 34. Ne4 Qg6 35. Kg2 Qh6 36.
c4 a5 37. a3 Qg7 38. b4 axb4 39. axb4 Qg4 40. c5 dxc5 41. bxc5 Qd7 42. c6+ Nxc6 43.
dxc6+ Qxc6 44. Qf3 Qc2+ 45. Rf2 Qb1 46. Nd6+ Kb8 47.
Qb7# 1-0

[Event "Live Chess"]
[Site "Chess.com"]
[Date "2023.05.20"]
[Round "-"]
[White "atunnacl"]
[Black "LaupMiths"]
[Result "0-1"]
[WhiteElo "1390"]
[BlackElo "1824"]
[TimeControl "300"]
[EndTime "12:20:21 PDT"]
[Termination "LaupMiths won on time"]

1. e4 c5 2. Nf3 e6 3. g3 Nc6 4. Bg2 g6 5. O-O Bg7 6. c3 Nge7 7. Re1 d6 8. Qe2 O-O 9. a4 b6 10. d3 Na5 11. Qc2 Bb7 12. Na3 Rc8 13. Nb5 a6 14. Na3 Qc7 15. Nd2 d5 16. exd5 Bxd5 17. Ndc4 Bxg2 18. Kxg2 Nac6 19. Bf4 Qb7 20. Nd6 Qa8 21.
Nxc8 Nd4+ 22. Kg1 Nxc2 23. Nxe7+ Kh8 24. Nxc2 Qb7 25. Nxg6+ hxg6 26. Be5 Rd8 27. Bxg7+ Kxg7 28. d4 c4 29. Re5 Rd5 30. Rae1 Rxe5 31. Rxe5 Qc6 32.
a5 b5 33. Ne1 Qc7 34. h4 Qxa5 35. h5 gxh5 36. Rxh5 Qa1 37. Kf1 Qxb2 38. Rg5+ Kf8 39.
Rh5 Qxc3 40. Rh8+ Ke7 0-1

[Event "Live Chess"]
[Site "Chess.com"]
[Date "2023.05.20"]
[Round "-"]
[White "Ninifu"]
[Black "zdanevych"]
[Result "1-0"]
[WhiteElo "2005"]
[BlackElo "1498"]
[TimeControl "300"]
[EndTime "12:20:23 PDT"]
[Termination "Ninifu won by resignation"]

1. d4 d5 2. e4 dxe4 3. Nc3 Nf6 4. f3 exf3 5. Nxf3 Nc6 6. d5 Nb8 7. Be2 c6 8. Bc4 cxd5 9. Nxd5 Nxd5 10. Bxd5 e6 11. Bc4 Qxd1+ 12. Kxd1 Bd6 13. Be3 Nc6 14. Ke2 Ke7 15. Rad1 a6 16. Rhe1 b5 17. Bd3 Bb7 18.
Kf2 f6 19. c4 Ne5 20. Nxe5 Bxe5 21. b3 bxc4 22. Bxc4 Rhd8 23. g3 Rxd1 24. Rxd1 Rd8 25. Rxd8 Kxd8 26. Bxe6 Ke7 27. Bc4 Kd6 28. Ke2 g5 29. Kd3 h6 30. b4 h5 31. a4 h4 32.
Bf2 hxg3 33. Bxg3 Bxg3 34. hxg3 f5 35. Kd4 g4 36. Bd3 Ke6 37. Kc5 Ke5 38. Kb6 Bh1 39. Bxa6 f4 40. gxf4+ Kxf4 41. Bf1 Kf3 42. a5 Bg2 43.
Bxg2+ Kxg2 44. a6 Kf2 45. a7 g3 46. a8=Q g2 47. Qxg2+ Kxg2 48. Kc5 1-0

[Event "Live Chess"]
[Site "Chess.com"]
[Date "2023.05.20"]
[Round "-"]
[White "FMOlexandrProhorov"]
[Black "AdamOwls"]
[Result "0-1"]
[WhiteElo "2171"]
[BlackElo "1948"]
[TimeControl "300"]
[EndTime "12:20:29 PDT"]
[Termination "AdamOwls won by resignation"]

1. e4 c6 2. d4 d5 3. e5 Bf5 4.
Nf3 e6 5. Be2 c5 6. Nc3 Nc6 7.
Be3 cxd4 8. Bxd4 Nxd4 9. Qxd4 Ne7 10. O-O Nc6 11. Bb5 Be7 12. Bxc6+ bxc6 13. Ne1 O-O 14.
Nd3 Qb6 15. Qf4 Bxd3 16. cxd3 Qxb2 17. Rac1 c5 18. Rfe1 Qa3 19. Qg4 Rab8 20. Ne2 Qxa2 21. Nf4 Qa4 22. Qg3 Rb4 23. Nh5 Rg4 24. Qf3 Rg6 25. h3 Rb8 26. Ra1 Qd7 27. Nf4 Rh6 28. Reb1 Qc8 29. Qd1 Bg5 30. Ne2 f6 31. Rxa7 fxe5 32. Rxb8 Qxb8 33. Qa1 Qb3 34. Rd7 Rf6 35. Ng3 Qc2 36. Rd8+ Rf8 37. Rxf8+ Kxf8 38. Qa8+ Kf7 39. Qb7+ Be7 40. Nh5 Qd1+ 41. Kh2 Qxh5 0-1

[Event "Live Chess"]
[Site "Chess.com"]
[Date "2023.05.20"]
[Round "-"]
[White "CheckThis4"]
[Black "hturner40"]
[Result "1-0"]
[WhiteElo "2554"]
[BlackElo "1799"]
[TimeControl "300"]
[EndTime "12:20:32 PDT"]
[Termination "CheckThis4 won on time"]

1. d4 Nf6 2. Nc3 d5 3. Bf4 a6 4. f3 c5 5. e3 cxd4 6. exd4 Nc6 7. Qd2 e6 8. g4 Qb6 9. Nge2 Bb4 10. Bg2 Na5 11. b3 Bd7 12. a3 Bd6 13. O-O Bxf4 14. Nxf4 Nc6 15. Rad1 O-O 16. g5 Ne8 17. Na4 Qc7 18.
Nh5 f6 19. Nc5 b6 20. Nxd7 Qxd7 21. f4 Qf7 22. Ng3 Qg6 23. Rde1 Nc7 24. c3 e5 25. h4 1-0

[Event "Live Chess"]
[Site "Chess.com"]
[Date "2023.05.20"]
[Round "-"]
[White "gmnorfolk"]
[Black "JackRudd"]
[Result "1-0"]
[WhiteElo "2054"]
[BlackElo "2452"]
[TimeControl "300"]
[EndTime "12:20:33 PDT"]
[Termination "gmnorfolk won by checkmate"]

1. d4 Nf6 2. c4 e6 3. Nc3 c5 4. Nf3 cxd4 5. Nxd4 Nc6 6. g3 Qb6 7.
Ndb5 a6 8. Be3 Qa5 9. Nd6+ Bxd6 10. Qxd6 b5 11. cxb5 axb5 12. Bg2 b4 13. Ne4 b3+ 14.
Bd2 Qxa2 15. Rxa2 bxa2 16. Nxf6+ gxf6 17. O-O a1=Q 18. Rxa1 Rxa1+ 19. Bf1 Rd1 20. Qc7 Ba6 21. Bh6 Bxe2 22. Qc8+ Ke7 23. Qxh8 Bxf1 24. Qf8# 1-0

[Event "Live Chess"]
[Site "Chess.com"]
[Date "2023.05.20"]
[Round "-"]
[White "BritishIsles"]
[Black "Leonid_Starozhilov"]
[Result "1/2-1/2"]
[WhiteElo "2426"]
[BlackElo "2648"]
[TimeControl "300"]
[EndTime "12:20:38 PDT"]
[Termination "Game drawn by agreement"]

1. d4 Nf6 2. Bg5 d5 3. Nd2 Bf5 4. e3 e6 5. Bd3 Bxd3 6. cxd3 Nbd7 7. Ngf3 Be7 8. O-O O-O 9. Rc1 c6 10. Ne5 h6 11. Nxd7 Qxd7 12. Bxf6 Bxf6 13. f4 Rac8 14.
Nf3 b6 15. Qa4 Qb7 16. Ne5 Bxe5 17. fxe5 c5 18. Qb5 cxd4 19. exd4 Rxc1 20. Rxc1 Rc8 21. Rc3 a6 22. Qb3 Rxc3 23. bxc3 b5 24. h3 a5 25.
Kf2 Qb6 26. Kf3 f6 27. exf6 gxf6 28. Ke3 Kg7 29. Qd1 b4 30. Qg4+ Kf7 31. Qh5+ Ke7 32. cxb4 Qxb4 33. Qxh6 Qe1+ 34. Kf3 Qd1+ 35. Kf2 Qc2+ 36.
Kg1 Qxa2 37. Qg7+ Kd6 38. Qxf6 Qb1+ 39. Kh2 Qxd3 40. Qd8+ Kc6 41. Qxa5 Qxd4 42. Qa6+ Kd7 43. Qb7+ Ke8 44. Qc8+ Ke7 1/2-1/2

[Event "Live Chess"]
[Site "Chess.com"]
[Date "2023.05.20"]
[Round "-"]
[White "EdenHazard8"]
[Black "Bob2pen"]
[Result "1-0"]
[WhiteElo "2099"]
[BlackElo "1784"]
[TimeControl "300"]
[EndTime "12:20:40 PDT"]
[Termination "EdenHazard8 won by resignation"]

1. e4 e6 2. d4 d5 3. Nd2 Nf6 4. e5 Nfd7 5. Ngf3 c5 6. c3 Nc6 7. Be2 f6 8. exf6 Nxf6 9. Nf1 cxd4 10. Nxd4 Nxd4 11. Qxd4 Qc7 12. Bf4 Bd6 13. Bxd6 Qxd6 14. O-O-O O-O 15. Ne3 Qe7 16. Bf3 Bd7 17. Rhe1 b6 18.
Nxd5 Nxd5 19. Bxd5 Qc5 20. Qxc5 bxc5 21. Bxa8 1-0

[Event "Live Chess"]
[Site "Chess.com"]
[Date "2023.05.20"]
[Round "-"]
[White "WilliamofOrange16th"]
[Black "LiamClery2020"]
[Result "1/2-1/2"]
[WhiteElo "1869"]
[BlackElo "2079"]
[TimeControl "300"]
[EndTime "12:20:52 PDT"]
[Termination "Game drawn by repetition"]

1. b3 Nf6 2. Bb2 Nc6 3. e3 e5 4. Nf3 d6 5. d4 e4 6. Nfd2 d5 7.
c4 Bg4 8. Be2 Bxe2 9. Qxe2 Nb4 10. Kd1 Nd3 11. Bc3 Ng4 12. Rf1 Nf6 13. f3 c6 14. fxe4 dxe4 15. Nxe4 Nxe4 16. Qxd3 Nxc3+ 17. Nxc3 Be7 18. Kc2 Bf6 19. Rad1 O-O 20. Ne4 Be7 21. g4 Qa5 22. Kb1 b5 23. c5 Rad8 24. Qc2 Rd5 25. Nc3 Rd7 26. Kb2 Rfd8 27. a3 b4 28. axb4 Qxb4 29.
Na2 Qb5 30. Nc3 Qb4 31. Na2 Qb5 32. Nc3 Qb4 1/2-1/2

[Event "Live Chess"]
[Site "Chess.com"]
[Date "2023.05.20"]
[Round "-"]
[White "DerbyKnight"]
[Black "thrithik"]
[Result "1-0"]
[WhiteElo "1632"]
[BlackElo "385"]
[TimeControl "300"]
[EndTime "12:20:57 PDT"]
[Termination "DerbyKnight won by checkmate"]

1. e4 b6 2. d4 c6 3. Nc3 Na6 4.
a3 Nf6 5. Bd3 Nxe4 6. Bxe4 Bb7 7. Nf3 c5 8. Bxb7 cxd4 9. Nxd4 Rb8 10. Bxa6 Rc8 11. Bxc8 Qxc8 12. O-O h5 13. Bf4 h4 14. h3 f6 15. Re1 g5 16. Bd6 e6 17. Bxf8 Rxf8 18.
Qd3 f5 19. Qb5 g4 20. Nxe6 gxh3 21. Nxf8+ Kxf8 22. Qxf5+ Kg7 23. Re7+ Kh8 24. Qh5+ Kg8 25. Qg6+ Kf8 26. Qf7# 1-0

[Event "Live Chess"]
[Site "Chess.com"]
[Date "2023.05.20"]
[Round "-"]
[White "mikkyb4"]
[Black "LiamBellwood"]
[Result "0-1"]
[WhiteElo "1010"]
[BlackElo "2056"]
[TimeControl "300"]
[EndTime "12:21:15 PDT"]
[Termination "LiamBellwood won by resignation"]

1. e4 e6 2. b3 d5 3. Bb2 dxe4 4.
Nc3 Nf6 5. Qe2 Be7 6. Nxe4 O-O 7. Nxf6+ Bxf6 8. Bxf6 Qxf6 9. Rd1 b6 10. Qd3 Ba6 11.
Qf3 Qxf3 12. Nxf3 Bxf1 13. Rxf1 c5 14. Ke2 Nc6 15. Rfe1 Rad8 16. Kf1 Nd4 17. Nxd4 Rxd4 18. c3 Rd3 19. Re3 Rd6 20. d4 Rfd8 21. Red3 cxd4 22.
c4 a5 23. a3 e5 24. f3 f5 25. b4 e4 26. fxe4 fxe4 27. R3d2 d3 28. c5 bxc5 29.
bxc5 Rd5 30. Rc1 e3 31. Ra2 Rf5+ 32. Ke1 d2+ 0-1

[Event "Live Chess"]
[Site "Chess.com"]
[Date "2023.05.20"]
[Round "-"]
[White "sup3rm0nk3y"]
[Black "MrBlond89"]
[Result "0-1"]
[WhiteElo "1320"]
[BlackElo "1316"]
[TimeControl "300"]
[EndTime "12:21:18 PDT"]
[Termination "MrBlond89 won by checkmate"]

1. e4 e5 2. Nf3 Nc6 3. Bc4 f5 4. exf5 e4 5. Ng1 Nf6 6. d3 d5 7. Bb3 Bxf5 8. dxe4 Bxe4 9. Nf3 Bc5 10. O-O O-O 11.
Bg5 Bxf3 12. Qxf3 Nd4 13. Qd3 Nxb3 14. Qxb3 Qd6 15. Nc3 Ng4 16. Bh4 Qxh2# 0-1

[Event "Live Chess"]
[Site "Chess.com"]
[Date "2023.05.20"]
[Round "-"]
[White "smoggyrabbit"]
[Black "HoarseyHorsey"]
[Result "1-0"]
[WhiteElo "1650"]
[BlackElo "1399"]
[TimeControl "300"]
[EndTime "12:21:22 PDT"]
[Termination "smoggyrabbit won by checkmate"]

1. d4 Nf6 2. Nf3 d5 3. e3 Bg4 4. Nbd2 e6 5. h3 Bh5 6. g4 Bg6 7. Ne5 Bd6 8. h4 Bxe5 9. dxe5 Ne4 10. Nxe4 Bxe4 11. f3 Bg6 12. h5 Nd7 13. hxg6 fxg6 14. Bd3 Nxe5 15. b3 O-O 16. Bb2 Nxf3+ 17. Ke2 e5 18. e4 d4 19. Bc4+ Kh8 20. Bc1 a6 21. g5 b5 22. Rxh7+ Kxh7 23. Qh1+ Nh4 24. Qxh4# 1-0